[Event "73rd Greek Championship 2024"]
[Site "Thessaloniki"]
[Date "2024.12.06"]
[Round "5.1"]
[White "Kourkoulos-Arditis, Stamatis"]
[Black "Patrelakis, Evaggelos"]
[Result "1-0"]
[Annotator "TA"]
[ECO "A13"]
[WhiteElo "2575"]
[BlackElo "2437"]
[PlyCount "119"]
[EventDate "2024.12.02"]
[EventType "tourn"]
[EventCountry "GRE"]
[SourceTitle "playchess.com"]
[Source "ChessBase"]
[SourceQuality "1"]
[TimeControl "40/5400+30:1800+30"]

1. Nf3 Nf6 2. c4 e6 3. g3 d5 4. Bg2 dxc4 5. Qa4+ Bd7 6. Qxc4 {[%emt 0:00:06] A13: English Opening: 1...e6.} c5 7. Ne5 Qc8 8. Nc3 Nc6 9. Nxd7 Qxd7 10. a4 $5 {[%emt 0:00:31][%mdl 4] Leaves trodden paths.} Be7 11. a5 Rc8 12. O-O O-O 13. d3 h6 14. Be3 Nd4 $146 ({Predecessor:} 14... Rfd8 15. Rfc1 Nd5 16. Nxd5 exd5 17. Qb5 d4 18. Bd2 a6 19. Qb3 Bd6 20. Qd5 Rc7 {1-0 Bok,B (2596)-Makarian,R (2550) Julius Baer GenCup Pl/In rapid 2024 (8)}) 15. Qa4 Rfd8 16. Rfc1 b5 17. axb6 axb6 18. Bxd4 Qxd4 19. Qb5 Qb4 20. Ra6 c4 21. dxc4 ({Reject} 21. Rxb6 Qxb5 22. Rxb5 cxd3 $11) 21... Rxc4 22. Rxb6 Bc5 23. Qxb4 Bxb4 24. e3 Bxc3 25. bxc3 Rdc8 26. Rb3 Ne4 27. Bxe4 Rxe4 28. Kf1 Ra4 29. Rc2 g5 30. h3 Kg7 31. Ke2 h5 32. Rb7 Kg6 33. Rd7 h4 34. g4 f5 35. gxf5+ exf5 36. Rd6+ Kh5 37. Rb2 g4 38. Rbb6 (38. hxg4+ $14 Kxg4 39. Rg6+ Kh5 40. Rbb6) 38... Rh8 39. hxg4+ Rxg4 40. Rf6 (40. Rb5 $14) 40... h3 $2 (40... Rg5 $1 $11) 41. Rxf5+ $18 Kh4 {[%emt 0:07:43] [#]} 42. Rb1 $1 Ra4 43. Kf3 Rc4 44. Rf7 Rxc3 $2 (44... Kh5 $18 45. Rbb7 Rxc3 46. Rh7+ Rxh7 47. Rxh7+ Kg6 48. Rxh3 Kf7) 45. Rf4+ Kh5 46. Rh1 ({Not} 46. Kg3 Rcc8 47. Kxh3 Rcf8 $16) 46... Kg5 47. Rg1+ Kh5 48. Rg3 Rb8 49. Rxh3+ Kg5 50. Rg3+ Kh5 51. Kg2 Rc1 52. Rfg4 Ra8 53. Rg8 Rxg8 54. Rxg8 Rc3 55. Kf3 Rc2 56. e4 Rc3+ 57. Kf4 Rc2 58. f3 Rc4 59. Kf5 Rxe4 60. Rh8# 1-0

[Event "73rd Greek Championship 2024"]
[Site "Thessaloniki"]
[Date "2024.12.06"]
[Round "5.2"]
[White "Alexakis, Dimitris"]
[Black "Mitsis, Georgios"]
[Result "1/2-1/2"]
[Annotator "RC"]
[ECO "C26"]
[WhiteElo "2520"]
[BlackElo "2383"]
[PlyCount "134"]
[EventDate "2024.12.02"]
[EventType "tourn"]
[EventCountry "GRE"]
[SourceTitle "playchess.com"]
[Source "ChessBase"]
[SourceQuality "1"]
[TimeControl "40/5400+30:1800+30"]

1. e4 e5 2. Nc3 Nf6 3. g3 d5 4. exd5 Nxd5 5. Bg2 Ne7 6. Nf3 Nbc6 7. O-O Nf5 8. Re1 f6 9. d4 Nfxd4 10. Nxd4 Nxd4 11. Be3 Ne6 12. Qxd8+ Kxd8 13. Rad1+ Bd6 14. Ne4 Ke7 15. c4 Bb4 16. Rf1 c6 17. f4 exf4 18. gxf4 f5 19. a3 Ba5 20. Nd6 g6 21. c5 Kf6 22. b4 Bc7 23. Bc1 Rd8 24. Bb2+ Ke7 25. Be5 a5 26. Rfe1 axb4 27. axb4 Bxd6 28. Bxd6+ Kf7 29. b5 Bd7 30. b6 Re8 31. Ra1 Rxa1 32. Rxa1 Bc8 33. Ra7 Nd8 34. Ra8 Ne6 35. h4 Nd4 36. Bf1 Ke6 37. Kf2 Kd7 38. Ra4 Nb5 39. Be5 Ke7 40. Ra8 Be6 41. Ra1 Bd5 42. h5 Be4 43. h6 Bd5 44. Bd3 Ke6 45. Ke3 Rd8 46. Bb2 Re8 47. Kf2 Rc8 48. Kg3 Kf7 49. Kh4 Re8 50. Be5 Rc8 51. Kg5 Ke6 52. Re1 Kf7 53. Bd6 Re8 54. Rxe8 Kxe8 55. Kf6 Kd7 56. Be5 Ke8 57. Kg7 Ke7 58. Bf6+ Ke8 59. Kxh7 Kf7 60. Be5 Be6 61. Bb2 Bd5 62. Be2 Be6 63. Bf3 Bd7 64. Bg2 Bc8 65. Bh1 Bd7 66. Bf3 Bc8 67. Be2 Be6 1/2-1/2

[Event "73rd Greek Championship 2024"]
[Site "Thessaloniki"]
[Date "2024.12.06"]
[Round "5.3"]
[White "Tsaknakis, Zisis"]
[Black "Stamatiou, Rodolfos"]
[Result "1-0"]
[Annotator "RC"]
[ECO "B30"]
[WhiteElo "2259"]
[BlackElo "2308"]
[PlyCount "97"]
[EventDate "2024.12.02"]
[EventType "tourn"]
[EventCountry "GRE"]
[SourceTitle "playchess.com"]
[Source "ChessBase"]
[SourceQuality "1"]
[TimeControl "40/5400+30:1800+30"]

1. e4 c5 2. Nf3 Nc6 3. Bb5 Nf6 4. Nc3 Nd4 5. e5 Nxb5 6. Nxb5 Nd5 7. Ng5 f6 8. Qh5+ g6 9. Qf3 fxg5 10. Qxd5 Qb6 11. a4 Bg7 12. d4 cxd4 13. a5 Qc6 14. Qxc6 bxc6 15. Nc7+ Kf7 16. Nxa8 Bxe5 17. a6 d5 18. O-O Bf5 19. f4 Bd6 20. fxg5 Kg7 21. Nb6 axb6 22. Bf4 e5 23. Bd2 Ra8 24. g4 Bd7 25. a7 Be7 26. h3 Bc8 27. Rfe1 Bd6 28. Rf1 Be7 29. Be1 Bxg5 30. Bg3 Bf6 31. g5 Bxg5 32. Bxe5+ Kg8 33. Kh2 Bd8 34. Bxd4 Bc7+ 35. Kg2 Bf5 36. c3 c5 37. Be3 Kf7 38. Bf4 Bd8 39. Rfe1 Be4+ 40. Kg3 Ke6 41. Rad1 Bf6 42. c4 Kf5 43. Bb8 Bxb2 44. cxd5 Be5+ 45. Bxe5 Kxe5 46. d6 Kf5 47. d7 Rd8 48. a8=Q Bxa8 49. Re8 1-0

[Event "73rd Greek Championship 2024"]
[Site "Thessaloniki"]
[Date "2024.12.06"]
[Round "5.4"]
[White "Alexiadis, Hristos"]
[Black "Kalogridis, Antonios"]
[Result "1/2-1/2"]
[Annotator "RC"]
[ECO "A48"]
[WhiteElo "2341"]
[BlackElo "2333"]
[PlyCount "69"]
[EventDate "2024.12.02"]
[EventType "tourn"]
[EventCountry "GRE"]
[SourceTitle "playchess.com"]
[Source "ChessBase"]
[SourceQuality "1"]
[TimeControl "40/5400+30:1800+30"]

1. d4 Nf6 2. Nf3 g6 3. Bg5 Bg7 4. c3 O-O 5. Nbd2 h6 6. Bh4 d6 7. e3 Nc6 8. Bb5 Bd7 9. O-O Qe8 10. Be2 e5 11. h3 b6 12. Re1 e4 13. Nh2 Nh7 14. f3 f5 15. fxe4 fxe4 16. Qc2 g5 17. Bg3 Bf5 18. Rf1 Kh8 19. Rf2 Ne7 20. Nhf1 h5 21. Bh2 h4 22. g4 Bg6 23. Rxf8+ Qxf8 24. Ba6 Rb8 25. a4 Qf7 26. Re1 Rf8 27. Re2 Qe6 28. Rf2 Nf6 29. Bc4 Qd7 30. Qb3 a5 31. Bb5 Qc8 32. Be2 Qd7 33. Bb5 Qc8 34. Be2 Qd7 35. Bb5 1/2-1/2

[Event "73rd Greek Championship 2024"]
[Site "Thessaloniki"]
[Date "2024.12.06"]
[Round "5.5"]
[White "Kolytas, Spiridon"]
[Black "Hadzimanolis, Antonios"]
[Result "1/2-1/2"]
[Annotator "RC"]
[ECO "A13"]
[WhiteElo "1946"]
[BlackElo "2159"]
[PlyCount "48"]
[EventDate "2024.12.02"]
[EventType "tourn"]
[EventCountry "GRE"]
[SourceTitle "playchess.com"]
[Source "ChessBase"]
[SourceQuality "1"]
[TimeControl "40/5400+30:1800+30"]

1. Nf3 Nf6 2. c4 e6 3. g3 d5 4. Bg2 dxc4 5. Qa4+ Bd7 6. Qxc4 c5 7. Ne5 Qc8 8. O-O Nc6 9. Nxd7 Qxd7 10. Nc3 Be7 11. Qa4 Rc8 12. d3 O-O 13. Be3 Rfd8 14. Rac1 b6 15. Rfd1 Nd5 16. Nxd5 exd5 17. d4 c4 18. b3 b5 19. Qxb5 Rb8 20. Qa4 Rb4 21. Qa6 Rb6 22. Qa4 Rb4 23. Qa6 Rb6 24. Qa4 Rb4 1/2-1/2

[Event "73rd Greek Championship 2024"]
[Site "Thessaloniki"]
[Date "2024.12.07"]
[Round "6.1"]
[White "Patrelakis, Evaggelos"]
[Black "Hadzimanolis, Antonios"]
[Result "1-0"]
[Annotator "ChessBase"]
[ECO "C55"]
[WhiteElo "2437"]
[BlackElo "2159"]
[PlyCount "119"]
[EventDate "2024.12.02"]
[EventType "tourn"]
[EventCountry "GRE"]
[SourceTitle "playchess.com"]
[Source "ChessBase"]
[SourceQuality "1"]
[TimeControl "40/5400+30:1800+30"]

1. e4 e5 2. Nf3 Nc6 3. Bc4 Nf6 4. d3 h6 5. a4 d6 6. O-O g5 7. c3 Bg7 8. b4 O-O 9. b5 Ne7 10. Ba3 Ng6 11. Nbd2 Re8 12. Qc2 Qd7 13. Rfd1 Nf4 14. Ne1 Qg4 15. Nf1 d5 16. Ne3 Nh3+ 17. Kf1 Qf4 18. g3 Qxf2+ 19. Qxf2 Nxf2 20. Kxf2 dxc4 21. Nxc4 Be6 22. Na5 b6 23. Nc6 Ng4+ 24. Kg1 a6 25. c4 Ne3 26. Rdc1 axb5 27. axb5 Bd7 28. Bb4 Bxc6 29. bxc6 Rxa1 30. Rxa1 Re6 31. Bd2 Ng4 32. Ra8+ Kh7 33. h3 Nf6 34. Bc3 Nh5 35. Kg2 Rxc6 36. Nc2 Bf6 37. Rc8 b5 38. Nb4 Rc5 39. Na6 Rc6 40. Nb4 Rc5 41. Na6 Rc6 42. cxb5 Rxc3 43. b6 Rxd3 44. b7 Rxg3+ 45. Kh2 Rb3 46. b8=Q Rxb8 47. Nxb8 Kg7 48. Rxc7 Bd8 49. Rb7 Nf4 50. Nc6 Bf6 51. Rb5 Nd3 52. Kg3 h5 53. Ra5 Kg6 54. Rd5 h4+ 55. Kf3 Nf4 56. Rd6 Nxh3 57. Ne7+ Kg7 58. Nd5 Ng1+ 59. Kg2 Ne2 60. Nxf6 1-0

[Event "73rd Greek Championship 2024"]
[Site "Thessaloniki"]
[Date "2024.12.07"]
[Round "6.2"]
[White "Kalogridis, Antonios"]
[Black "Kolytas, Spiridon"]
[Result "1-0"]
[Annotator "ChessBase"]
[ECO "D00"]
[WhiteElo "2333"]
[BlackElo "1946"]
[PlyCount "103"]
[EventDate "2024.12.02"]
[EventType "tourn"]
[EventCountry "GRE"]
[SourceTitle "playchess.com"]
[Source "ChessBase"]
[SourceQuality "1"]
[TimeControl "40/5400+30:1800+30"]

1. d4 Nf6 2. Nc3 d5 3. Bf4 a6 4. e3 c5 5. dxc5 e6 6. b4 b6 7. Na4 bxc5 8. Nxc5 Bxc5 9. bxc5 Qa5+ 10. Qd2 Qxc5 11. Bd3 O-O 12. Nf3 Nc6 13. Rb1 Re8 14. Nd4 e5 15. Nb3 Qe7 16. Bg5 Be6 17. O-O Rec8 18. f4 Qa7 19. Bxf6 gxf6 20. fxe5 fxe5 21. Rf6 Rab8 22. Rbf1 Rb4 23. Kh1 Rg4 24. Bf5 Bxf5 25. R1xf5 Rg7 26. c4 Ne7 27. Rxe5 Qc7 28. Rh5 Qxc4 29. h3 Rg6 30. Rf2 Qe4 31. Kh2 Qe6 32. Nd4 Qd6+ 33. Kh1 Rb8 34. Rf1 Qg3 35. Nf5 Nxf5 36. Rhxf5 Rf8 37. R1f4 Rb8 38. Rxf7 Rb1+ 39. Rf1 Rxf1+ 40. Rxf1 Qe5 41. Qb4 Qe8 42. Qb7 Rc6 43. Rf5 h6 44. Rxd5 Rf6 45. Rc5 Qxe3 46. Rc8+ Rf8 47. Rxf8+ Kxf8 48. Qf3+ Qxf3 49. gxf3 Kf7 50. Kg2 Kf6 51. f4 Kf5 52. Kf3 1-0

[Event "73rd Greek Championship 2024"]
[Site "Thessaloniki"]
[Date "2024.12.07"]
[Round "6.3"]
[White "Stamatiou, Rodolfos"]
[Black "Alexiadis, Hristos"]
[Result "0-1"]
[Annotator "ChessBase"]
[ECO "E92"]
[WhiteElo "2308"]
[BlackElo "2341"]
[PlyCount "80"]
[EventDate "2024.12.02"]
[EventType "tourn"]
[EventCountry "GRE"]
[SourceTitle "playchess.com"]
[Source "ChessBase"]
[SourceQuality "1"]
[TimeControl "40/5400+30:1800+30"]

1. d4 Nf6 2. Nf3 g6 3. c4 Bg7 4. Nc3 d6 5. e4 O-O 6. Be2 e5 7. d5 a5 8. Bg5 h6 9. Bh4 Qe8 10. Nd2 Na6 11. O-O Nh7 12. a3 h5 13. f3 Bd7 14. b3 Bf6 15. Bf2 Qe7 16. Kh1 Bh4 17. Bg1 Bg5 18. Rb1 h4 19. b4 axb4 20. axb4 Bf4 21. c5 dxc5 22. bxc5 Nxc5 23. d6 Qxd6 24. Nc4 Qxd1 25. Bxd1 b6 26. Nd5 Be6 27. Bf2 Rfd8 28. Nce3 Bxe3 29. Nxe3 g5 30. Be2 Nd3 31. Bg1 Ra2 32. Bxd3 Rxd3 33. Rfc1 Rd7 34. h3 Nf8 35. Rc6 Ng6 36. Rbc1 Ra7 37. Bh2 Kf8 38. Nf5 Bxf5 39. exf5 Ne7 40. Rf6 Ra5 0-1

[Event "73rd Greek Championship 2024"]
[Site "Thessaloniki"]
[Date "2024.12.07"]
[Round "6.4"]
[White "Mitsis, Georgios"]
[Black "Tsaknakis, Zisis"]
[Result "1-0"]
[Annotator "ChessBase"]
[ECO "E94"]
[WhiteElo "2383"]
[BlackElo "2259"]
[PlyCount "119"]
[EventDate "2024.12.02"]
[EventType "tourn"]
[EventCountry "GRE"]
[SourceTitle "playchess.com"]
[Source "ChessBase"]
[SourceQuality "1"]
[TimeControl "40/5400+30:1800+30"]

1. d4 Nf6 2. Nf3 g6 3. c4 Bg7 4. Nc3 d6 5. e4 O-O 6. Be2 Na6 7. Be3 e5 8. O-O Qe7 9. dxe5 dxe5 10. Qc2 Nb4 11. Qb1 c5 12. Nd5 Nbxd5 13. cxd5 Ng4 14. Qc1 Nxe3 15. Qxe3 Bd7 16. Rfd1 Qd6 17. a4 a6 18. a5 Bb5 19. Nd2 Bh6 20. Qxh6 Bxe2 21. Rdc1 Rfc8 22. Ra3 Rc7 23. Rac3 Rac8 24. Qe3 Bb5 25. Nc4 Bxc4 26. Rxc4 f5 27. f3 fxe4 28. fxe4 Rf7 29. b4 Rcf8 30. bxc5 Qf6 31. h3 Qh4 32. R4c2 Rf4 33. Re2 Qd8 34. Qc3 Qf6 35. Kh2 Rf1 36. Rxf1 Qxf1 37. Qe1 Qf4+ 38. Kg1 Rc8 39. Rc2 Qg5 40. c6 bxc6 41. dxc6 Qd8 42. Kh2 Qd3 43. Rc1 Qb3 44. Qd2 Qf7 45. Qd5 Kg7 46. Qxe5+ Qf6 47. Qxf6+ Kxf6 48. Rc5 Ke7 49. e5 Rc7 50. Kg3 Kd8 51. Rd5+ Kc8 52. Rd6 Re7 53. Kf4 Kc7 54. Rd7+ Rxd7 55. cxd7 Kxd7 56. Ke4 Ke6 57. Kd4 g5 58. Ke4 h6 59. g3 h5 60. g4 1-0

[Event "73rd Greek Championship 2024"]
[Site "Thessaloniki"]
[Date "2024.12.07"]
[Round "6.5"]
[White "Kourkoulos-Arditis, Stamatis"]
[Black "Alexakis, Dimitris"]
[Result "1-0"]
[Annotator "ChessBase"]
[ECO "B47"]
[WhiteElo "2575"]
[BlackElo "2520"]
[PlyCount "131"]
[EventDate "2024.12.02"]
[EventType "tourn"]
[EventCountry "GRE"]
[SourceTitle "playchess.com"]
[Source "ChessBase"]
[SourceQuality "1"]
[TimeControl "40/5400+30:1800+30"]

1. e4 c5 2. Nf3 e6 3. d4 cxd4 4. Nxd4 Nc6 5. Nc3 Qc7 6. g3 a6 7. Bg2 Nge7 8. Nb3 Ne5 9. a4 b6 10. O-O Bb7 11. Qe2 h5 12. h3 Rc8 13. f4 Nc4 14. Nd2 Qc5+ 15. Rf2 h4 16. g4 Ng6 17. Nxc4 Qxc4 18. e5 Bxg2 19. Kxg2 Bb4 20. Ne4 O-O 21. c3 Be7 22. Qxc4 Rxc4 23. Re2 f5 24. exf6 gxf6 25. f5 exf5 26. gxf5 d5 27. fxg6 dxe4 28. Be3 f5 29. Bxb6 Rc6 30. Bd4 Rxg6+ 31. Kf2 Rg3 32. Rg1 Bd6 33. b4 Kf7 34. b5 axb5 35. axb5 Rf3+ 36. Ke1 Bg3+ 37. Kd1 Ke6 38. Kc2 Kd5 39. Ra1 Rd3 40. b6 Kc6 41. Kb3 Bb8 42. Kc4 Rxh3 43. b7 Rd3 44. Rb2 Rxd4+ 45. cxd4 f4 46. Ra6+ Kd7 47. Rg2 Rf7 48. Rg8 Kc7 49. Ra8 f3 50. Rgxb8 h3 51. Rh8 Kxb7 52. Ra1 e3 53. Kd3 Re7 54. Re1 e2 55. Rf8 h2 56. Kd2 Rh7 57. Rh1 Rg7 58. Rxf3 e1=Q+ 59. Kxe1 Rg1+ 60. Rf1 Rg2 61. Rf7+ Kc6 62. Rhf1 Ra2 63. Rh7 Kd5 64. Rf5+ Kxd4 65. Rfh5 Ke3 66. Rh3+ 1-0

[Event "73rd Greek Championship 2024"]
[Site "Thessaloniki"]
[Date "2024.12.08"]
[Round "7.1"]
[White "Alexakis, Dimitris"]
[Black "Patrelakis, Evaggelos"]
[Result "1-0"]
[Annotator "TA"]
[ECO "C10"]
[WhiteElo "2520"]
[BlackElo "2437"]
[PlyCount "111"]
[EventDate "2024.12.02"]
[EventType "tourn"]
[EventCountry "GRE"]
[SourceTitle "playchess.com"]
[Source "ChessBase"]
[SourceQuality "1"]
[TimeControl "40/5400+30:1800+30"]

1. e4 e6 2. d4 d5 3. Nc3 Nf6 4. Bg5 dxe4 5. Nxe4 Nbd7 6. Nf3 h6 7. Nxf6+ Nxf6 8. Be3 Bd6 9. Bd3 Nd5 10. Qe2 Qf6 11. O-O-O Bd7 12. Be4 Nxe3 13. fxe3 O-O-O 14. Rhf1 Qe7 15. Ne5 Bxe5 16. dxe5 Kb8 17. Rd3 Bc8 18. Rb3 Rhf8 19. a4 b6 20. Qc4 Bb7 21. Bxb7 Kxb7 22. a5 Kb8 23. Rd3 Rxd3 24. Qxd3 Qc5 25. a6 Qd5 (25... Qxe5 26. Rxf7 Rg8 27. Kb1 $18) (25... Kc8 $5) 26. Qxd5 exd5 27. e6 f6 $1 28. Rd1 c6 (28... Rd8 $11 {keeps the balance.}) 29. e4 $1 $16 Rd8 $2 (29... Re8 $1 $14) 30. exd5 $18 cxd5 31. c4 $1 d4 $2 (31... Kc7) 32. b4 Kc7 33. Kc2 Rd6 34. Re1 d3+ $2 (34... Kd8 35. e7+ Ke8) 35. Kd2 $18 Kd8 36. e7+ (36. b5 $142) 36... Ke8 $18 {[%emt 0:00:01] [#]} 37. b5 $1 f5 38. Re5 Rd4 {[%emt 0:01:50] [#]} (38... f4 $16 {was worth a try.} 39. c5 bxc5 40. Rxc5 Rd7) 39. c5 $1 $18 bxc5 40. Rxc5 Rb4 $2 (40... Rd7 41. Rxf5 Kxe7) 41. Rc7 $18 ({Less strong is} 41. Rxf5 Kxe7 42. Kxd3 g6 $18) 41... Rxb5 42. Rxa7 Ra5 43. Kxd3 Ra4 44. h4 Kf7 45. h5 Ke8 46. Kc3 (46. g3 $142 Ra2 47. Kc4) 46... Kf7 47. Kb3 (47. g3 $142 Ra1 48. Kb4) 47... Ra1 48. Kc4 Ke8 49. Kd5 (49. Kb5 $142 Rb1+ 50. Kc5 Rc1+ 51. Kd6 Rd1+ 52. Ke6 Re1+ 53. Kxf5) 49... Ra2 50. Ke6 Re2+ 51. Kxf5 Rf2+ 52. Kg6 Rxg2+ 53. Kh7 Ra2 54. Ra8+ Kxe7 55. a7 Kf7 56. Rg8 1-0

[Event "73rd Greek Championship 2024"]
[Site "Thessaloniki"]
[Date "2024.12.08"]
[Round "7.2"]
[White "Tsaknakis, Zisis"]
[Black "Kourkoulos-Arditis, Stamatis"]
[Result "0-1"]
[Annotator "TA"]
[ECO "C68"]
[WhiteElo "2259"]
[BlackElo "2575"]
[PlyCount "52"]
[EventDate "2024.12.02"]
[EventType "tourn"]
[EventCountry "GRE"]
[SourceTitle "playchess.com"]
[Source "ChessBase"]
[SourceQuality "1"]
[TimeControl "40/5400+30:1800+30"]

1. e4 e5 2. Nf3 Nc6 3. Bb5 a6 4. Bxc6 dxc6 5. O-O Bg4 6. h3 Bh5 7. g4 Bg6 8. Nxe5 Bd6 ({Black should play} 8... Qh4 $11) 9. Nxg6 $14 hxg6 {[%emt 0:00:05] White is slightly better.} 10. Qf3 Qd7 11. d4 O-O-O 12. Nc3 f5 13. e5 Be7 14. Ne2 Nh6 15. Bxh6 (15. g5 $5 Nf7 $8 16. Qg3 $16) 15... Rxh6 16. Kg2 Rh4 17. Ng3 Rf8 (17... Qxd4 18. gxf5 Rf8 (18... Qxb2 19. Rae1 $11) 19. Rad1 Qxe5 20. Rfe1 $11) 18. gxf5 gxf5 19. e6 Qxe6 $19 (19... Qxd4 20. Nxf5 Qc5 21. Nxe7+ Qxe7 22. Qe3 $11) 20. Rfe1 Qd7 21. Re5 f4 (21... Rxd4 22. Rae1 Bf6 23. Rxf5 $15) 22. Ne4 Rfh8 {[%emt 0:00:18][%cal Oe7f6] [#] ...Bf6! would now be deadly.} (22... Qxd4 $2 23. Rxe7 Qb4 24. Rxg7 $18) 23. Rh1 g5 (23... Qxd4 $2 24. Rxe7 Qxb2 25. Qb3 $18) 24. Qb3 R4h6 {[%emt 0:24:13] Repels Qe6. Strongly threatening ...g4.} (24... Qxd4 $2 {loses.} 25. Rxe7 Kb8 26. f3 $18 (26. Nxg5 Qf6 $17)) (24... g4 25. Qe6 Qxe6 (25... gxh3+ 26. Kf3 $11) (25... Rxh3 26. Rxh3 gxh3+ 27. Kh2 $11) 26. Rxe6 gxh3+ 27. Kf3 $17) 25. Qf7 $2 (25. Nc5 $17 Bxc5 (25... Qxd4 26. Qxb7+ Kd8 27. Qb8#) 26. dxc5) 25... Rxh3 26. Nf6 {[%emt 0:00:52] Against Qg4+} f3+ {[%emt 0:00:08] Weighted Error Value: White=0.83/Black=0.08 (flawless) .  Loses game:     	White=1     	---        Mistake:       	White=1     	Black=1      Inaccurate:     	White=4     	---        OK:         	White=9     	Black=11     Best:        	White=1     	Black=1} 0-1

[Event "73rd Greek Championship 2024"]
[Site "Thessaloniki"]
[Date "2024.12.08"]
[Round "7.3"]
[White "Alexiadis, Hristos"]
[Black "Mitsis, Georgios"]
[Result "1/2-1/2"]
[Annotator "TA"]
[ECO "E04"]
[WhiteElo "2341"]
[BlackElo "2383"]
[PlyCount "93"]
[EventDate "2024.12.02"]
[EventType "tourn"]
[EventCountry "GRE"]
[SourceTitle "playchess.com"]
[Source "ChessBase"]
[SourceQuality "1"]
[TimeControl "40/5400+30:1800+30"]

1. d4 Nf6 2. Nf3 e6 3. c4 d5 4. g3 dxc4 5. Bg2 a6 6. O-O Nc6 7. e3 Rb8 8. Nfd2 e5 9. Bxc6+ bxc6 10. dxe5 Ng4 11. Nxc4 Be6 12. Qc2 Bxc4 (12... h5 $11) 13. Qxc4 Nxe5 14. Qe4 Qd5 15. Qxd5 $1 cxd5 16. Rd1 c6 17. b3 Bb4 18. Ba3 a5 19. Bb2 f6 20. Nc3 Ke7 21. Rac1 Rhc8 22. Na4 Ke6 23. Kg2 Bd6 (23... Rb5 $14 {is more appropriate.}) 24. Rc2 g6 ({Better is} 24... Bb4 $14) 25. h3 f5 26. f3 Nf7 {[%emt 0:05:31] [#]} (26... c5 $14) 27. e4 $1 $16 fxe4 (27... dxe4 28. fxe4) 28. fxe4 dxe4 29. Re2 {[%emt 0:00:47] White is more active.} Re8 30. g4 Ke7 {[%emt 0:00:32] [#]} 31. Nc3 $1 Kf8 32. Nxe4 Be5 33. Ba3+ Kg7 34. Nc5 Bf6 35. Rf2 Bh4 $1 36. Rfd2 Re3 37. Nd7 Rbe8 {[%emt 0:00:08] White should prevent ...Rg3+.} 38. Bb2+ Kh6 39. Bc1 Ng5 40. Rc2 Re2+ (40... Rxh3 $2 41. Bxg5+ (41. Rxc6 $2 {loses.} Re2+ 42. Kg1 Rxa2 $19) 41... Bxg5 42. Kxh3 $18) 41. Rxe2 Rxe2+ 42. Kf1 Rxa2 43. Ne5 {[%emt 0:00:50][%cal Od1d7] Black must now prevent Rd7!.} Kg7 {[%emt 0:00:10] aiming for ...Rf2+.} 44. Bxg5 Bxg5 45. Rd7+ Kg8 46. Nxc6 a4 47. bxa4 1/2-1/2

[Event "73rd Greek Championship 2024"]
[Site "Thessaloniki"]
[Date "2024.12.08"]
[Round "7.4"]
[White "Kolytas, Spiridon"]
[Black "Stamatiou, Rodolfos"]
[Result "0-1"]
[Annotator "RC"]
[ECO "A30"]
[WhiteElo "1946"]
[BlackElo "2308"]
[PlyCount "64"]
[EventDate "2024.12.02"]
[EventType "tourn"]
[EventCountry "GRE"]
[SourceTitle "playchess.com"]
[Source "ChessBase"]
[SourceQuality "1"]
[TimeControl "40/5400+30:1800+30"]

1. Nf3 c5 2. c4 Nc6 3. b3 e5 4. Bb2 e4 5. Ng1 Nf6 6. Bxf6 Qxf6 7. Nc3 Qg6 8. g3 Bd6 9. Bg2 f5 10. Nh3 b6 11. Nd5 Bb7 12. Nhf4 Qh6 13. h4 O-O-O 14. a3 Kb8 15. Rb1 Rhe8 16. Kf1 Ne7 17. b4 Nxd5 18. cxd5 cxb4 19. e3 bxa3 20. Qa4 g6 21. Rb5 Rc8 22. Ke2 Rc7 23. f3 exf3+ 24. Bxf3 Rec8 25. Nd3 Rc4 26. Qb3 Qf8 27. Ra1 Ba6 28. Ra5 Rb4 29. Qxa3 bxa5 30. Qxa5 Rb6 31. Kf2 Qd8 32. Be2 Qc7 0-1

[Event "73rd Greek Championship 2024"]
[Site "Thessaloniki"]
[Date "2024.12.08"]
[Round "7.5"]
[White "Hadzimanolis, Antonios"]
[Black "Kalogridis, Antonios"]
[Result "0-1"]
[Annotator "TA"]
[ECO "D72"]
[WhiteElo "2159"]
[BlackElo "2333"]
[PlyCount "88"]
[EventDate "2024.12.02"]
[EventType "tourn"]
[EventCountry "GRE"]
[SourceTitle "playchess.com"]
[Source "ChessBase"]
[SourceQuality "1"]
[TimeControl "40/5400+30:1800+30"]

1. d4 Nf6 2. c4 g6 3. g3 Bg7 4. Bg2 d5 5. cxd5 Nxd5 6. e4 Nb6 7. Ne2 c5 8. d5 O-O 9. Nbc3 e6 10. Be3 exd5 11. exd5 Na6 12. b3 Bg4 13. Rc1 Nb4 14. Qd2 Re8 15. a3 Bxe2 16. axb4 (16. Kxe2 $11 Bxc3 17. Rxc3 N4xd5 18. Bxd5 Qxd5 (18... Nxd5 19. Rxc5 Nxe3 20. Qxd8 $11) 19. Qxd5 Nxd5 20. Rxc5 Nxe3 21. fxe3) 16... Bxc3 $15 17. Qxc3 Ba6 {[%emt 0:00:25] Black is more active.} (17... Bb5 $17 18. d6 (18. Qxc5 $2 Rc8 $19) 18... cxb4 19. Qxb4 Ba6) 18. d6 $2 (18. Qxc5 $2 Rc8 19. Kd1 Rxc5 $19) (18. bxc5 $2 Nxd5 19. Qd2 Nxe3 20. fxe3 Qe7 $19 (20... Qxd2+ 21. Kxd2 Rad8+ 22. Kc2 $15)) (18. Qd2 $1 $11 {and White stays safe.} c4 19. O-O) 18... cxb4 $19 19. Qd4 (19. Qxb4 Qf6 20. h4 Rad8) 19... Re6 20. Rd1 Qd7 21. Qxb4 Rd8 22. h4 h5 23. g4 (23. Bh3 $2 Qc6 24. Bxe6 Qxh1+ 25. Kd2 Qf3 $19 (25... Qc6 $2 26. Bxb6 axb6 27. Bc4 $19)) 23... hxg4 $40 {[%emt 0:03:40][%mdl 128] Black is out for blood.} 24. h5 Qe8 ({Black should play} 24... g5 $1 $17 {...Re5 is the strong threat.} 25. h6 (25. Qxg4 $2 Rxe3+ 26. fxe3 Qxg4 $19) 25... Kh8) 25. Rd2 $1 $11 {[%emt 0:01:43] and hxg6 should not be overlooked} gxh5 (25... Rxe3+ 26. fxe3 Qxe3+ 27. Kd1 gxh5 28. Kc2 $15 (28. Rxh5 $2 Qg1+ 29. Kc2 Rc8+ 30. Kb2 Qc1+ 31. Ka2 Rc2+ 32. Rxc2 Qxc2+ 33. Ka3 Qc1+ 34. Ka2 Nc4 $19)) 26. Rxh5 $2 (26. Kd1 $1 $11 Rxe3 27. fxe3 Qxe3 28. Re1 (28. Rxh5 $2 Qg1+ 29. Kc2 Rc8+ $19)) 26... Rxe3+ $1 $19 27. fxe3 (27. Kd1 $142 Re1+ 28. Kc2) 27... Qxe3+ 28. Kd1 Qg1+ 29. Kc2 Rc8+ 30. Kb2 Qc1+ 31. Ka2 Rc2+ 32. Rxc2 Qxc2+ 33. Ka1 {[%emt 0:05:19] [#]} Qc1+ $1 ({And not} 33... Qxg2 34. Rg5+ Kh7 35. Qc3 Qg1+ 36. Ka2 Qh2+ 37. Kb1 $11) (33... Qd1+ $2 34. Kb2 Bd3 (34... Qe2+ $2 35. Ka3 $18) 35. Qc3 $18 (35. Bxb7 Qc2+ 36. Ka3 Qc1+ 37. Ka2 Qb1+ 38. Ka3 Qa1#) (35. Rg5+ Bg6 $11)) 34. Ka2 {[%emt 0:00:02] [#]} Nc4 $1 35. Rg5+ Kh8 (35... Qxg5 36. bxc4 Qf5 37. Bd5 $17) 36. Rh5+ Kg7 37. Rg5+ Kh6 ({Not} 37... Qxg5 38. bxc4 Qf5 39. c5 $15) 38. Rh5+ Kxh5 39. Qc5+ Kh6 40. Qd4 Qa3+ 41. Kb1 Qxb3+ 42. Kc1 Qa3+ 43. Kb1 Qxd6 44. Qh8+ Kg5 0-1